 Dungeon Crawl Stone Soup version 0.17-a0-1046-ga09e34d (webtiles) character file.

147 RobertPalmer the Slasher (level 5, -1/49 HPs)
             Began as a Naga Chaos Knight on May 15, 2015.
             Succumbed to a manticore's barbed spikes
             ... on level 3 of the Dungeon.
             The game lasted 00:06:51 (4306 turns).

RobertPalmer the Slasher (Naga Chaos Knight)        Turns: 4306, Time: 00:06:52

Health: -1/49      AC:  8    Str: 20    XL:     5   Next: 29%
Magic:  5/5        EV:  9    Int: 13    God:    Xom [.*....]
Gold:   64         SH:  0    Dex: 11    Spells: 0 memorised, 4 levels left

rFire  . . .     SeeInvis +     a - +0 falchion (chaos)
rCold  . . .     Clarity  .     s - +3 leather armour
rNeg   . . .     SustAb   .     (no shield)
rPois  +         Gourm    .     (no helmet)
rElec  .         Spirit   .     (no cloak)
rCorr  .         Warding  .     o - +1 pair of gloves
rMut   .         Stasis   .     (no barding)
MR     .....                    (no amulet)
Stlth  +.........               (no ring)
                                r - +6 ring of strength

@: manticore barbs, very slow, not resistant to hostile enchantments, very
unstealthy
A: see invisible, deformed body, poison resistance, slowness 2, slow metabolism
1, spit poison 2, AC +1
a: Spit Poison, Renounce Religion


You were on level 3 of the Dungeon.
You worshipped Xom.
You were a plaything of Xom.
You were not hungry.

You visited 1 branch of the dungeon, and saw 3 of its levels.

You collected 64 gold pieces.

Inventory:

Hand weapons
 a - a +0 falchion of chaos (weapon)
 b - a +0 blowgun
   (You took it off a kobold on level 3 of the Dungeon)
Missiles
 l - 24 poisoned needles
Armour
 o - a +1 pair of gloves (worn)
   (You found it on level 2 of the Dungeon)
 s - a +3 leather armour (worn)
   (You took it off an orc on level 3 of the Dungeon)
Jewellery
 r - a +6 ring of strength (left hand)
   (You found it on level 3 of the Dungeon)
Magical devices
 n - a wand of magic darts (48)
   (You took it off a hobgoblin on level 3 of the Dungeon)
Scrolls
 d - 2 scrolls of remove curse
 m - a scroll of identify
Potions
 e - a potion of brilliance {unknown}
 h - a potion of curing {unknown}
 p - a potion of might {unknown}
Comestibles
 c - 4 bread rations {@e1}
 i - 2 meat rations {@e2}


   Skills:
 - Level 3.0 Fighting
 + Level 5.8 Long Blades
 - Level 1.5 Armour
 - Level 0.7 Dodging


You had 4 spell levels left.
You didn't know any spells.

Dungeon Overview and Level Annotations

Branches:
Dungeon (3/15)

Altars:
Elyvilon
Ru
Trog
Vehumet


Innate Abilities, Weirdness & Mutations

You cannot wear boots.
Your serpentine skin is tough (AC +1).
You have supernaturally acute eyesight.
Armour fits poorly on your strangely shaped body.
Your system is resistant to poisons.
You cover ground very slowly.
You have a slow metabolism.
You can spit poison.


Message History

Things that are here:
a hand axe; a runed leather armour; an orc skeleton You regained 3 hp, and now have 40/49 hp.
s - a runed leather armour Wear which item? (? for menu, Esc to quit)
You start removing your armour.
You continue taking off your +2 leather armour. x4
You finish taking off your +2 leather armour.
You start putting on your armour.
You continue putting on your runed leather armour. x5
You finish putting on your +3 leather armour.
Drop what? 19/52 slots (_ for help) (? for menu, Esc to quit)
You drop a +2 leather armour.
Read which item? (? for menu, Esc to quit)
As you read the scroll labeled JUDWALIDIM, it crumbles to dust.
It is a scroll of identify.
Identify which item? (\ to view known items) (? for menu, Esc to quit)
r - a +6 ring of strength Put on which piece of jewellery? (? for menu, Esc to quit)
You feel stronger.
r - a +6 ring of strength (left hand)
You found a teleport trap!
You regained 4 hp, and now have 47/49 hp.
Unknown command.
Unknown command.
All of the chunks of flesh in your inventory have rotted away.
You see here 16 arrows.
Xom makes a sudden noise!
You hear a piteous moan.
Health restored: 49 The rat is too close now for your liking.
A rat is nearby!
A rat is nearby!
A rat is nearby!
A rat is nearby!
You closely miss the rat. The rat bites you but does no damage.
You completely miss the rat. The rat bites you but does no damage.
You closely miss the rat. The rat barely misses you.
You completely miss the rat. The rat bites you but does no damage.
A giant gecko comes into view.
You slash the rat! You freeze the rat.
You kill the rat!
You closely miss the giant gecko.
The giant gecko bites you but does no damage.
You closely miss the giant gecko.
The giant gecko bites you but does no damage.
You hit the giant gecko but do no damage.
The giant gecko closely misses you.
The giant gecko bites you but does no damage.
You closely miss the giant gecko. The giant gecko bites you.
You take 1 damage, and have 48/49 hp.
You hit the giant gecko.
Space bends around the giant gecko.
The giant gecko bites you but does no damage.
You hit the giant gecko.
You kill the giant gecko!
No target in view!
No target in view!
No target in view!
The manticore flicks its tail.
The volley of spikes hits you!
The barbed spikes become lodged in your body.
There is an open door here.
You take 18 damage, and have 30/49 hp.
MASSIVE DAMAGE!!
Read which item? (? for menu, Esc to quit)
As you read the scroll labeled LUOQAU NITOD, it crumbles to dust.
It is a scroll of recharging.
Charge which item? (? for menu, Esc to quit)
Your wand of magic darts {zapped: 4} glows for a moment.
Read which item? (? for menu, Esc to quit)
As you read the scroll labeled MIFYRI MIPSEE, it crumbles to dust.
You feel aware of your surroundings.
It was a scroll of magic mapping.
The manticore flicks its tail.
The volley of spikes hits you!
The barbed spikes become lodged in your body.
You take 9 damage, and have 21/49 hp.
Unknown command.
Read which item? (? for menu, Esc to quit)
As you read the scroll labeled YDEIPLIAK, it crumbles to dust.
You feel forgetful for a moment.
It was a scroll of amnesia.
The manticore flicks its tail.
The volley of spikes hits you!
The barbed spikes become lodged in your body.
* * * LOW HITPOINT WARNING * * *
You take 14 damage, and have 7/49 hp.
MASSIVE DAMAGE!!
Unknown command.
Unknown command.
Drink which item? (? for menu, Esc to quit)
Okay, then.
Read which item? (? for menu, Esc to quit)
Okay, then.
The barbs in your skin will harm you if you move.
Continue?
The barbed spikes dig painfully into your body as you move.
* * * LOW HITPOINT WARNING * * *
You take 3 damage, and have 4/49 hp.
Unknown command.
You close the door.
The barbed spikes dig painfully into your body as you move.
You die...
Xom chortles!

####....#.##.........####......##
.....................'........##
###..................####...#.#
#..#..#.###......H## ##.##.#
#..##.#.# ##.....## #.....#
#.......# ##...## #.#####
#.###.### ##+## #.# #.# #.## #.#
#.# #.# #..# #@# #.#
#.####.#######.### #.#
#.......##.......# #.#
#######..........# #.#
#..#.......######.#
##.#..............#
#.#.......######## #.........#
##........#


There were no monsters in sight!

Vanquished Creatures
  An iron imp (D:3)
  7 adders
  An ooze (D:2)
  4 worms
  3 giant geckos
  2 orcs (D:3)
  2 ball pythons
  A giant cockroach (D:2)
  5 goblins
  4 hobgoblins
  2 jackals (D:1)
  8 bats
  4 giant newts
  12 kobolds
  10 rats
66 creatures vanquished.

Vanquished Creatures (collateral kills)
  A rat (D:3)
1 creature vanquished.

Grand Total: 67 creatures vanquished

Notes
Turn   | Place    | Note
--------------------------------------------------------------
     0 | D:1      | RobertPalmer the Naga Chaos Knight began the quest for the Orb.
     0 | D:1      | Reached XP level 1. HP: 21/21 MP: 1/1
   358 | D:1      | Reached XP level 2. HP: 22/28 MP: 2/2
   750 | D:1      | XOM: harmless Air miscast
   843 | D:1      | Reached skill level 4 in Long Blades
   874 | D:1      | Reached XP level 3. HP: 18/34 MP: 3/3
   922 | D:1      | XOM: divination: detect creatures
  1060 | D:1      | XOM: silly message
  1202 | D:2      | XOM: scenery: 1 doors open
  1332 | D:2      | HP: 7/34 [adder (3)]
  1333 | D:2      | Reached XP level 4. HP: 8/42 MP: 4/4
  1338 | D:2      | HP: 6/42 [poisoned by an adder]
  1344 | D:2      | HP: 5/42 [poisoned by an adder]
  1352 | D:2      | HP: 4/42 [poisoned by an adder]
  1387 | D:2      | XOM: harmless Necr miscast
  1725 | D:2      | Reached skill level 5 in Long Blades
  1825 | D:2      | Found a white marble altar of Elyvilon.
  1946 | D:2      | XOM: divination: detect creatures
  2067 | D:2      | XOM: harmless Ice miscast
  2129 | D:2      | XOM: potion effect (berserk rage)
  2196 | D:2      | XOM is BORED!
  2196 | D:2      | XOM: medium Pois miscast
  2341 | D:3      | Reached XP level 5. HP: 44/49 MP: 5/5
  2506 | D:3      | XOM: harmless Summ miscast
  2577 | D:3      | Noticed a moth of wrath
  2588 | D:3      | XOM: potion effect (berserk rage)
  2660 | D:3      | XOM: potion effect (berserk rage)
  2709 | D:3      | XOM: potion effect (berserk rage)
  2713 | D:3      | XOM: harmless Tloc miscast
  2741 | D:3      | XOM: harmless Air miscast
  2749 | D:3      | XOM: summons friendly shadow imp
  2773 | D:3      | XOM: chaos cloud
  2796 | D:3      | XOM: confuse monster(s)
  2815 | D:3      | XOM: destruction
  2832 | D:3      | XOM: fog
  2843 | D:3      | Noticed a manticore
  2843 | D:3      | a moth of wrath changed into a manticore
  2843 | D:3      | XOM: polymorph moth of wrath -> manticore
  2855 | D:3      | XOM: summons 5 friendly demons
  2860 | D:3      | Found a bloodstained altar of Trog.
  2860 | D:3      | XOM: swap monsters
  2908 | D:3      | XOM: silly message
  3002 | D:3      | XOM: mild Erth miscast
  3833 | D:3      | Found a radiant altar of Vehumet.
  3849 | D:3      | Found a sacrificial altar of Ru.
  3854 | D:3      | XOM: silly message
  3879 | D:3      | XOM: harmless Tloc miscast
  3957 | D:3      | XOM: summons 1 hostile demon
  4246 | D:3      | XOM: noise
  4303 | D:3      | HP: 7/49 [manticore/volley of spikes (14)]
  4306 | D:3      | Succumbed to a manticore's barbed spikes

Vault maps used:
D:1:      scummos_arrival_gate, minivault_11
D:2:      nicolae_overflow_hidden_temple
D:3:      tgw_trog, nicolae_ru_awakened_eye, serial_glass, glass_columns_a,
          glass_columns_c, first_bread, vehumet_altar_wand_db

Action                   |  1- 3 |  4- 6 || total
-------------------------+-------+-------++-------
Melee: Falchion          |    99 |   133 ||   232
  Use: Scroll            |       |     9 ||     9
 Stab: Paralysed         |     1 |     3 ||     4
  Eat: Chunk             |       |     4 ||     4
       Bread ration      |       |     2 ||     2

Vault maps used:
D:1:      scummos_arrival_gate, minivault_11
D:2:      nicolae_overflow_hidden_temple
D:3:      tgw_trog, nicolae_ru_awakened_eye, serial_glass, glass_columns_a,
          glass_columns_c, first_bread, vehumet_altar_wand_db

Table legend:
 A = Turns spent in this place as a percentage of turns spent in the entire game.
 B = Non-inter-level travel turns spent in this place as a percentage of non-inter-level travel turns spent in the entire game.
 C = Inter-level travel turns spent in this place as a percentage of turns spent in this place.
 D = Turns resting spent in this place as a percentage of non-inter-level travel turns spent in this place.
 E = Turns spent auto-exploring this place as a percentage of non-inter-level travel turns spent in this place.
 F = Non-inter-level travel turns spent in this place divided by the number of levels of this place that you've seen.
                   A       B       C       D       E      F
               +-------+-------+-------+-------+-------+----------------------
         Total | 100.0 | 100.0 |   0.3 |   4.2 |  10.3 | 385.3
       Dungeon | 100.0 | 100.0 |   0.3 |   4.2 |  10.3 | 385.3
               +-------+-------+-------+-------+-------+----------------------

Table legend:
 A = Kills in this place as a percentage of kills in entire the game.
 B = Kills by you in this place as a percentage of kills by you in the entire game.
 C = Kills by friends in this place as a percentage of kills by friends in the entire game.
 D = Other kills in this place as a percentage of other kills in the entire game.
 E = Experience gained in this place as a percentage of experience gained in the entire game.
 F = Experience gained in this place divided by the number of levels of this place that you have seen.
                   A       B       C       D       E      F
               +-------+-------+-------+-------+-------+----------------------
         Total | 100.0 | 100.0 | 100.0 |  -nan | 100.0 |  70.3
       Dungeon | 100.0 | 100.0 | 100.0 |  -nan | 100.0 |  70.3
               +-------+-------+-------+-------+-------+----------------------
